Map: Equilibrium LE

Players

MeeestaKeeem - Winner!

  • Race: Terran Terran
  • League: Diamond
  • Spawn Location: 1:00

SubN

  • Race: Zerg Zerg
  • League: Diamond
  • Spawn Location: 11:00

VOD

Have the link to the VOD?

Description

Time

  • Played on: Dec. 24, 2023, 12:21 a.m.
  • Length: 20:14
Show
View Real Time Build Order
Export as new Build Order

MeeestaKeeem Terran - Winner!

Build Orders: Mech 

Get SALT Encoding   

  12  0:00  SCV  
  13  0:12  SCV  
  14  0:17  Supply Depot  
  14  0:24  SCV  
  15  0:38  SCV  
  15  0:40  Barracks  
  16  0:44  Refinery  
  16  0:51  SCV  
  17  1:03  SCV  
  18  1:15  SCV  
  19  1:28  Orbital Command, Barracks Reactor  
  19  1:40  Command Center  
  19  1:49  Supply Depot  
  19  1:53  SCV  
  20  2:04  Marine x2  
  20  2:05  SCV  
  23  2:11  Factory  
  23  2:17  Refinery  
  23  2:18  SCV  
  23  2:22  Marine x2  
  26  2:30  SCV  
  27  2:41  Marine x2  
  27  2:42  SCV  
  30  2:53  Orbital Command  
  30  2:54  Factory Tech Lab, SCV  
  31  2:58  Marine  
  31  2:59  Marine  
  33  3:14  Siege Tank  
  33  3:16  Marine x2  
  38  3:20  Supply Depot, SCV  
  38  3:21  SCV  
  40  3:32  SCV  
  40  3:33  SCV  
  42  3:37  Marine x2  
  44  3:43  Supply Depot  
  44  3:44  SCV  
  44  3:45  SCV  
  44  3:46  Siege Tank  
  49  3:49  Starport  
  49  3:55  Marine x2  
  51  4:04  Refinery  
  51  4:05  Refinery, SCV x2  
  51  4:07  Supply Depot  
  54  4:17  SCV x2  
  55  4:28  Fusion Core  
  55  4:32  Starport  
  55  4:36  Engineering Bay  
  55  4:38  SCV x2  
  57  4:41  Starport Tech Lab  
  57  4:50  SCV x2  
  59  4:56  Supply Depot  
  59  5:15  Battlecruiser  
  65  5:24  Battlecruiser  
  65  5:26  Hellion x2  
  75  5:33  Supply Depot  
  75  5:39  Missile Turret  
  75  5:41  Barracks Tech Lab  
  75  5:45  Command Center  
  75  5:47  Hellion  
  77  5:55  Hellion, Supply Depot  
  77  5:56  Supply Depot  
  79  5:59  Armory  
  81  6:11  Hellion  
  81  6:14  SCV x2  
  81  6:16  Hellion  
  81  6:18  Supply Depot  
  85  6:26  SCV x2  
  89  6:32  Hellion  
  89  6:37  Hellion, Barracks Tech Lab  
  89  6:38  SCV x2  
  93  6:40  Supply Depot  
  93  6:49  Missile Turret  
  93  6:50  SCV x2  
  95  6:54  Supply Depot  
  95  6:56  Missile Turret  
  95  7:01  Factory  
  95  7:03  Missile Turret  
  95  7:09  Barracks Tech Lab  
  95  7:21  Factory  
  95  7:28  Factory  
  95  7:42  Hellion x2  
  99  7:46  Siege Tank  
  78  8:03  Hellion  
  78  8:04  Hellion, Battlecruiser x2  
  92  8:18  Siege Tank x3  
  101  8:25  Hellion  
  103  8:46  Hellion  
  103  8:47  Hellion  
  107  8:51  Siege Tank  
  107  8:53  Terran Vehicle And Ship Armor Level 1  
  110  9:05  Weapon Refit  
  110  9:07  Cyclone  
  110  9:08  Cyclone, Hurricane Engines, Infernal Pre-Igniter, Hellion x2  
  118  9:21  Factory  
  118  9:23  Cyclone, Factory  
  120  9:29  Hellion x2  
  124  9:35  SCV  
  125  9:42  Cyclone x2  
  127  9:47  SCV  
  122  9:54  Refinery  
  122  9:55  Refinery  
  122  9:59  SCV  
  121  10:02  Cyclone  
  121  10:03  Cyclone x2  
  126  10:14  Missile Turret  
  127  10:18  Missile Turret  
  126  10:23  Cyclone  
  126  10:24  Cyclone  
  130  10:34  Cyclone  
  130  10:35  Cyclone  
  134  10:42  SCV  
  135  10:50  Command Center  
  135  10:54  SCV  
  136  11:06  Cyclone, SCV  
  136  11:07  Cyclone  
  136  11:09  Refinery  
  141  11:11  Supply Depot  
  141  11:12  Factory Tech Lab  
  141  11:13  Factory Tech Lab  
  141  11:17  Supply Depot  
  141  11:18  Supply Depot  
  141  11:33  Cyclone x3, SCV  
  141  11:39  Cyclone x3  
  154  11:44  Terran Vehicle And Ship Armor Level 2  
  154  11:45  SCV  
  155  11:50  Battlecruiser x2  
  159  12:12  Cyclone x7  
  119  12:44  Cyclone x6  
  119  12:45  Cyclone  
  129  13:16  Hellion  
  129  13:17  Hellion x4  
  139  13:21  Hellion  
  139  13:22  Hellion  
  143  13:28  Orbital Command  
  143  13:33  Refinery, Command Center  
  143  13:38  Hellion x5  
  153  13:42  Hellion  
  153  13:43  Hellion  
  157  13:58  Command Center  
  157  13:59  Hellion  
  157  14:00  Terran Vehicle Weapons Level 1  
  129  14:51  Battlecruiser x2  
  141  15:05  Refinery  
  141  15:15  Unknown  
  129  15:48  Command Center  
  129  15:49  Planetary Fortress  
  103  15:51  Refinery  
  103  15:52  Refinery  
  101  16:05  Thor  
  101  16:06  Thor x4  
  101  16:07  Hellion  
  101  16:08  Hellion  
  135  16:29  Hellion x2  
  133  16:49  Hellion x5, Battlecruiser x2  
  133  16:50  Hellion  
  133  16:51  Hellion  
  135  17:10  Hellion  
  135  17:11  Hellion x4  
  135  17:14  Hellion x2  
  149  17:45  Thor x3  
  159  18:05  Thor x2  
  133  18:06  Hellion x2  
  135  18:33  Factory  
  135  18:34  Factory  
  135  18:41  Factory  
  135  18:44  Hellion  
  135  18:45  Hellion x4  
  147  18:48  Hellion  
  147  18:49  Hellion  
  143  19:14  Hellion x6  
  143  19:15  Hellion  
  143  19:37  Hellion x7  
Show
View Real Time Build Order
Export as new Build Order

SubN Zerg 

Build Orders: Hatch First 

Get SALT Encoding   

  12  0:00  Drone  
  13  0:12  Overlord  
  13  0:20  Drone  
  14  0:30  Drone x2  
  16  0:49  Hatchery  
  15  0:53  Drone  
  15  0:56  Drone  
  17  0:59  Drone  
  17  1:03  Extractor  
  17  1:15  Spawning Pool  
  16  1:18  Drone  
  16  1:21  Drone  
  18  1:27  Drone  
  19  1:38  Drone  
  20  1:49  Overlord  
  20  2:02  Queen x2  
  20  2:05  Drone x2  
  26  2:13  Metabolic Boost  
  26  2:15  Drone x2  
  28  2:24  Zergling x4  
  30  2:35  Zergling x4  
  32  2:42  Drone  
  33  2:54  Overlord  
  33  2:58  Overlord  
  33  3:02  Hatchery, Overlord  
  32  3:12  Drone x2, Queen  
  36  3:20  Drone x4  
  40  3:35  Drone x2  
  42  3:47  Drone x5  
  47  3:51  Queen  
  47  3:53  Queen  
  47  3:54  Overlord  
  50  4:10  Drone  
  50  4:12  Overlord  
  50  4:13  Queen  
  50  4:15  Drone x6  
  59  4:25  Drone x3  
  59  4:29  Extractor  
  61  4:31  Drone  
  61  4:32  Drone x2  
  61  4:33  Drone  
  65  4:48  Extractor  
  65  4:49  Drone  
  65  4:51  Extractor  
  65  4:52  Drone  
  65  4:57  Overlord  
  65  4:59  Overlord  
  65  5:09  Overlord  
  65  5:12  Overlord  
  65  5:15  Queen  
  65  5:17  Drone x3  
  65  5:18  Drone  
  71  5:21  Drone  
  71  5:22  Drone  
  71  5:23  Drone x2  
  71  5:24  Drone x2  
  77  5:29  Drone x3  
  77  5:32  Extractor x2  
  78  5:38  Baneling Nest  
  78  5:40  Evolution Chamber x2  
  75  5:49  Lair  
  75  5:51  Drone  
  75  5:52  Drone x2  
  75  5:54  Queen  
  80  5:58  Overlord  
  80  6:10  Spore Crawler  
  80  6:11  Drone x3  
  80  6:12  Drone x3  
  80  6:14  Overlord x3  
  85  6:28  Zerg Melee Weapons Level 1, Zerg Ground Armor Level 1  
  85  6:43  Zergling x12  
  85  6:44  Zergling x18  
  100  6:55  Drone  
  100  6:56  Drone x2  
  103  7:02  Centrifugal Hooks  
  103  7:03  Drone  
  104  7:08  Spire  
  103  7:19  Baneling x16  
  103  7:20  Baneling x3  
  103  7:21  Overlord x2  
  103  7:22  Overlord  
  103  7:24  Hatchery  
  100  7:43  Extractor  
  99  7:45  Spine Crawler  
  99  7:48  Extractor  
  78  8:11  Queen x3  
  82  8:13  Zergling x2  
  82  8:14  Zergling x30  
  93  8:28  Corruptor  
  93  8:29  Corruptor x2  
  95  8:43  Mutalisk  
  95  8:44  Mutalisk x10  
  95  8:47  Queen x2  
  115  9:07  Zerg Melee Weapons Level 2, Zerg Ground Armor Level 2  
  115  9:11  Drone x10  
  115  9:12  Drone x6  
  115  9:15  Queen  
  133  9:24  Zergling x2  
  133  9:26  Baneling  
  133  9:27  Baneling x7  
  134  9:36  Mutalisk  
  134  9:37  Mutalisk x3  
  138  10:05  Zergling x2  
  138  10:06  Zergling x12  
  133  10:24  Zerg Flyer Weapons Level 1  
  133  10:25  Corruptor x4  
  133  10:27  Corruptor  
  143  10:30  Overlord x5  
  143  10:31  Overlord x2  
  143  10:32  Overseer  
  143  10:42  Drone  
  144  10:43  Overlord  
  144  10:44  Overlord x5  
  144  10:49  Drone  
  145  10:50  Extractor  
  145  10:51  Hatchery  
  145  10:54  Extractor  
  142  11:06  Zergling x4  
  142  11:07  Zergling x18  
  142  11:09  Baneling  
  142  11:10  Baneling x12  
  143  11:36  Mutalisk  
  143  11:37  Mutalisk x15  
  174  11:51  Infestation Pit  
  174  11:52  Zergling x2  
  174  11:53  Zergling x20  
  163  12:18  Zerg Flyer Armor Level 1  
  133  12:33  Zergling x2  
  133  12:34  Zergling x42  
  148  13:08  Hatchery  
  148  13:12  Hatchery  
  146  13:16  Hatchery, Extractor  
  146  13:17  Extractor  
  137  13:22  Zerg Missile Weapons Level 1, Hydralisk Den  
  137  13:24  Hive  
  137  13:26  Infestor x5  
  146  13:30  Zergling x32  
  146  13:31  Zergling x10  
  167  13:35  Baneling x14  
  167  13:36  Baneling  
  167  13:37  Baneling x5  
  167  13:52  Extractor  
  166  13:56  Drone x2  
  166  13:57  Drone x2  
  166  13:58  Drone x2  
  166  13:59  Drone x3  
  166  14:01  Drone x4  
  106  14:36  Corruptor x6  
  106  14:37  Corruptor  
  102  14:41  Hydralisk x10  
  102  14:42  Hydralisk x9  
  132  14:45  Muscular Augments  
  132  14:48  Zerg Melee Weapons Level 3  
  132  14:50  Adrenal Glands  
  132  14:53  Zergling x4  
  132  14:54  Zergling x8  
  132  14:57  Zerg Flyer Weapons Level 2  
  138  15:01  Hydralisk x7  
  146  15:18  Queen  
  146  15:20  Queen  
  146  15:22  Drone  
  146  15:23  Drone x6  
  146  15:27  Extractor x2  
  146  15:49  Grooved Spines  
  138  16:09  Drone  
  138  16:10  Drone x2  
  141  16:12  Drone x4  
  141  16:13  Drone  
  141  16:15  Drone x3  
  141  16:16  Extractor  
  148  16:21  Drone x3  
  148  16:23  Drone  
  152  16:30  Hydralisk  
  152  16:31  Hydralisk x8  
  157  17:00  Hatchery  
  156  17:05  Drone x2  
  156  17:06  Lair  
  159  17:15  Zergling x2  
  159  17:16  Zergling x40  
  179  17:43  Hatchery  
  178  17:46  Extractor  
  128  18:11  Hydralisk  
  128  18:12  Hydralisk x17  
  116  18:13  Hydralisk x4  
  116  18:16  Zergling x2  
  116  18:17  Zergling x10  
  164  18:31  Infestation Pit  
  163  18:38  Roach Warren  
  163  18:40  Zergling x2  
  163  18:41  Zergling x10  
  167  18:43  Zergling x4  
  167  18:47  Zergling x10  
  175  18:58  Drone x2  
  175  18:59  Drone  
  175  19:00  Drone x7  
  175  19:01  Queen  
  181  19:12  Infestor x4  
  181  19:16  Infestor  
  181  19:17  Infestor x2  
  187  19:20  Corruptor x5  
  195  19:47  Roach x2  
Tags
 
Composition
Mech
Matchup
TvZ
Replay Pack
2025 replay dump
Spawn Locations
Close Positions
Add a new tag
Caveats
  • Supply blocks, unpowered buildings, or Contaminate may cause inaccurate times.
  • Supply counts are checked every 10 seconds.